 Seeded DCSS version 0.29-a0-422-gafbd6decc1 (webtiles) character file.

Game seed: 696969 (custom seed)

1094 davecave the Basher (level 8, 0/75 HPs)
             Began as a Minotaur Fighter on May 19, 2022.
             Was an Initiate of Gozag.
             Slain by a black bear (6 damage)
             ... on level 5 of the Dungeon.
             The game lasted 00:08:51 (4183 turns).

davecave the Basher (Minotaur Fighter)              Turns: 4183, Time: 00:08:53

Health: 0/75       AC: 19    Str: 23    XL:     8   Next: 9%
Magic:  7/7        EV:  3    Int:  5    God:    Gozag
Gold:   226        SH:  5    Dex: 10    Spells: 7/7 levels left

rFire   + . .      SeeInvis +   b - +2 eveningstar (drain)
rCold   + . .      Faith    .   c - +1 buckler
rNeg    + . .      Spirit   .   l - +0 gold dragon scales
rPois   +          Reflect  .   (helmet restricted)
rElec   .          Harm     +   (no cloak)
rCorr   .          Rampage  .   g - +4 pair of gloves "Ena Wopoy" {Harm rN+ Stlth+}
Will    .....                   (no boots)
Stlth   ..........              (no amulet)
HPRegen 0.22/turn               j - ring of see invisible
MPRegen 0.10/turn               (no ring)

@: gold aura
A: horns 2, retaliatory headbutt
a: Renounce Religion, Potion Petition, Call Merchant, Bribe Branch


You were on level 5 of the Dungeon.
You worshipped Gozag.
Gozag was aware of your devotion.
You visited 2 branches of the dungeon, and saw 7 of its levels.

You collected 287 gold pieces.
You paid 61 gold pieces to Gozag.

Inventory:

Hand Weapons
 b - a +2 eveningstar of draining (weapon)
Missiles
 v - 2 silver javelins (quivered)
Armour
 c - a +1 buckler (worn)
 g - the +4 pair of gloves "Ena Wopoy" (worn) {Harm rN+ Stlth+}
   (You acquired it on level 1 of the Dungeon)

   rN:        It protects you from negative energy.
   Harm:      It increases damage dealt and taken.
   Stlth:     It makes you more stealthy.
 l - +0 gold dragon scales (worn)
 A - an orb of mayhem
Jewellery
 j - a ring of see invisible (left hand)
 F - an amulet of reflection
Wands
 k - a wand of iceblast (3)
 u - a wand of flame (19)
 z - a wand of mindburst (11)
 D - a wand of acid (4)
Scrolls
 a - 6 scrolls of teleportation {unknown}
 e - 2 scrolls of immolation
 f - a scroll of acquirement
 m - a scroll of enchant armour
 o - a scroll of amnesia {unknown}
 r - 2 scrolls of enchant weapon {unknown}
 s - a scroll of torment {unknown}
 w - 2 scrolls of vulnerability {unknown}
 x - a scroll of fear {unknown}
 y - 2 scrolls of noise {unknown}
 E - a scroll of identify
Potions
 d - 2 potions of might
 i - a potion of degeneration
 n - a potion of haste {unknown}
 p - 3 potions of curing
 q - a potion of brilliance
 t - 2 potions of attraction
 B - a potion of lignification
 C - a potion of ambrosia {unknown}


   Skills:
 - Level 8.4 Fighting
 + Level 8.5 Maces & Flails
 - Level 4.0 Armour
 - Level 4.0 Shields


You had 7 spell levels left.
You didn't know any spells.
Your spell library contained the following spells:

 Spells                   Type           Power      Damage    Failure   Level
 Animate Skeleton         Necr           0%         N/A       100%        1
 Apportation              Tloc           0%         N/A       100%        1
 Foxfire                  Conj/Fire      0%         2x1d4     100%        1
 Summon Small Mammal      Summ           0%         N/A       100%        1
 Corpse Rot               Necr/Air       0%         N/A       100%        2
 Poisonous Vapours        Pois/Air       0%         N/A       100%        2
 Call Canine Familiar     Summ           0%         N/A       100%        3
 Conjure Flame            Conj/Fire      0%         6-21      100%        3
 Inner Flame              Hex/Fire       0%         N/A       100%        3
 Summon Guardian Golem    Hex/Summ       0%         N/A       100%        3
 Flame Wave               Conj/Fire      0%         2d4       100%        4


Dungeon Overview and Level Annotations

Branches:
Dungeon (6/15)             Temple (1/1) D:4

Altars:
Ashenzari
Fedhas
Gozag
Kikubaaqudgha
Okawaru
Qazlal
Uskayaw
Vehumet
Zin

Annotations:
D:5 Menkaure


Innate Abilities, Weirdness & Mutations

You have a pair of horns on your head.
You reflexively headbutt those who attack you in melee.


Message History

The black bear is severely wounded.
The black bear bites you but does no damage.
The black bear claws you but does no damage. x2
Menkaure calls on the powers of darkness!
The black bear convulses!
Your body is wracked with pain!
The black bear convulses!
The sky beast convulses!
You are too injured to fight recklessly!
You are too injured to fight recklessly!
Unknown command.
You are too injured to fight recklessly!
The black bear goes berserk!
There is a stone staircase leading up here.
The black bear bites you but does no damage.
The black bear claws you but does no damage.
You block the black bear's attack. The black bear barely misses you.
The black bear claws you.
The black bear claws you but does no damage.
The black bear bites you!
* * * LOW HITPOINT WARNING * * *
The black bear claws you but does no damage.
You block the black bear's attack.
You climb upwards.
There is a stone staircase leading down here.
Blink to where?
Press: ? - help, Dir - move target
As you read the scroll of blinking, it crumbles to dust.
Menkaure calls on the powers of darkness!
The black bear convulses! x2; Your body is wracked with pain!
* * * LOW HITPOINT WARNING * * *
The black bear is distracted by your dazzling golden aura.
The black bear growls angrily.
The black bear is no longer distracted by gold.
Menkaure calls on the powers of darkness!
The black bear convulses! x2; Your body is wracked with pain!
* * * LOW HITPOINT WARNING * * *
The black bear bites you.
* * * LOW HITPOINT WARNING * * *
The black bear claws you.
You die...
Your body crumbles into a pile of gold.

.##...#.....#..#.#..##...# #.#
.##...#.....#..#....##...# #.#
..#...#.....#............#####.#
..#.........#.###..............#
..##.....##....##.>......#######
..##.....##....###Mh...##.#
#.##.....##....###.....##.#
#................h........#
####.#..........@.........#
#.#........#.##..#.##..#
#.#.#.###..#.##..#.##..##
#..........#.####.......#
#.#.#.#....#.####..##...#
#.....#.................#
####.#.########.####..###..##
.....#......................#
##########.####.#########...#


You could see 2 black bears and Menkaure.

Vanquished Creatures
  Sigmund (D:2)
  2 ogres
  2 bullfrogs
  2 scorpions (D:5)
  A jelly (D:4)
  A gnoll shaman (D:4)
  An orc priest (D:5)
  3 orc wizards (D:5)
  Ijyb (D:5)
  3 iguanas
  Natasha (thrice) (D:2)
  4 gnolls (D:4)
  3 adders
  An ufetubus (D:5)
  A dart slug (D:1)
  5 orcs (D:5)
  6 bats
  10 endoplasms
  5 giant cockroaches
  13 goblins
  3 hobgoblins
  10 jackals
  11 kobolds
  4 quokkas
  5 ball pythons
  4 frilled lizards
  5 rats
110 creatures vanquished.

Notes
Turn   | Place    | Note
-------+----------+-------------------------------------------
     0 | D:1      | davecave the Minotaur Fighter began the quest for the Orb.
     0 | D:1      | Reached XP level 1. HP: 19/19 MP: 0/0
   387 | D:1      | Identified 3 scrolls of acquirement
   387 | D:1      | Acquired the +4 pair of gloves "Ena Wopoy" {Harm rN+
                  | Stlth+}
   406 | D:1      | Reached XP level 2. HP: 24/27 MP: 1/1
   922 | D:1      | Reached XP level 3. HP: 32/33 MP: 2/2
  1335 | D:2      | Acquired a +2 eveningstar of draining
  1789 | D:2      | Reached skill level 5 in Fighting
  1897 | D:2      | Noticed Natasha
  1904 | D:2      | Killed Natasha
  1905 | D:2      | Reached XP level 4. HP: 42/42 MP: 3/3
  1939 | D:2      | Noticed Sigmund
  1943 | D:2      | Killed Sigmund
  1944 | D:2      | Reached XP level 5. HP: 47/52 MP: 4/4
  1987 | D:2      | Noticed Natasha
  1992 | D:2      | Killed Natasha
  1993 | D:2      | Reached XP level 6. HP: 56/60 MP: 5/5
  2101 | D:2      | Noticed Natasha
  2107 | D:2      | Killed Natasha
  2293 | D:3      | Found an iron altar of Okawaru.
  2629 | D:3      | Found a faded altar of an unknown god.
  3018 | D:4      | Reached XP level 7. HP: 30/69 MP: 6/6
  3305 | D:4      | Found a staircase to the Ecumenical Temple.
  3357 | D:4      | Reached skill level 5 in Maces & Flails
  3395 | Temple   | Entered the Ecumenical Temple
  3412 | Temple   | Became a worshipper of Gozag Ym Sagoz the Greedy
  3570 | D:5      | Entered Level 5 of the Dungeon
  3647 | D:5      | Found a blossoming altar of Fedhas.
  3942 | D:5      | Noticed Ijyb
  3945 | D:5      | Killed Ijyb
  4172 | D:6      | Noticed Menkaure
  4175 | D:6      | Reached XP level 8. HP: 75/75 MP: 7/7
  4183 | D:5      | Slain by a black bear

Illustrated notes

Levels and vault maps discovered:
D:1:      minmay_arrival_stair_chambers, layout_basic
D:2:      minmay_recursive_quarters, layout_basic, skrybe_limestone_x,
          uniq_sigmund, uniq_natasha
D:3:      layout_basic, mainiacjoe_overflow_concentric_impassable,
          ebering_ecumenical_altar_sacrificial, columned_hall_lemuel
D:4:      layout_loops_cross, minmay_temple_entry_hall, lightli_corner_chamber
D:5:      layout_basic, mainiacjoe_overflow_boulevard, uniq_ijyb
D:6:      layout_rooms, mainiacjoe_overflow_large_starburst,
          chequers_serial_rivers_micro_e, minmay_fractal_squares_gapless_5,
          uniq_crazy_yiuf_cottage, uniq_menkaure
Temple:   eino_temple_water

Skill      XL: |  1  2  3  4  5  6  7 |
---------------+----------------------+-----
Fighting       | 4 5 7 8 |  8.4
Armour         | 4 |  4.0
Shields        | 4 |  4.0
Maces & Flails | 3 4 8 |  8.5

Action                   |  1- 3 |  4- 6 |  7- 9 || total
-------------------------+-------+-------+-------++-------
Melee: Flail             |    62 |       |       ||    62
       Headbutt          |     7 |     5 |     7 ||    19
       Eveningstar       |    31 |    68 |    46 ||   145
  Use: Scroll            |     2 |       |     9 ||    11
Armor: Scale mail        |    32 |       |       ||    32
       Gold dragon scale |    41 |    91 |    39 ||   171
Dodge: Dodged            |    36 |    20 |     8 ||    64
Block: Buckler           |    20 |    25 |    15 ||    60

Table legend: (Time is in decaauts)
 A = Elapsed time spent in this place.
 B = Non-inter-level travel time spent in this place.
 C = Inter-level travel time spent in this place.
 D = Time resting spent in this place.
 E = Time spent auto-exploring this place.
 F = Levels seen in this place.
 G = Mean time per level.
                   A        B        C        D        E       F      G
               +--------+--------+--------+--------+--------+-----+--------+
         Total |   4262 |   4085 |    177 |    301 |   2998 |   7 |  608.9 |
       Dungeon |   4228 |   4082 |    146 |    301 |   2998 |   6 |  704.7 |
        Temple |     33 |      2 |     31 |      0 |      0 |   1 |   33.0 |
               +--------+--------+--------+--------+--------+-----+--------+

Top non-repeatable levels by time:
     D:2: 1243 daAuts
     D:1: 1062 daAuts
     D:4: 826 daAuts
     D:5: 610 daAuts
     D:3: 477 daAuts
  Temple: 33 daAuts
     D:6: 9 daAuts
